Diables vs Harfangs (R1)

Created - March 6, 2019 at 22:46

Goals
1 2 3 T
Diables 2 1 2 5
Harfangs 0 3 0 3
Shots
1 2 3 T
Diables 19 5 7 31
Harfangs 14 15 6 35

1st period

1. Diables , Louis Leblanc 19 (Shayne Gostisbehere 23, Brandon Burlon 18) at 0:55
2. Diables , Louis Leblanc 20 (Taylor Beck 31, Mikko Lehtonen 18) at 14:12

Penalties :
Jan Mursak (Alm) for Holding Stick (Minor) at 4:09, Brandon Prust (Alm) for Slashing (Minor) at 8:39

2nd period

3. Harfangs , Michael Bournival 24 (Victor Bartley 17) at 3:32 (PP)
4. Diables , Brandon Prust 16 (Shayne Gostisbehere 24, Craig Smith 52) at 7:43 (SH)
5. Harfangs , Victor Bartley 3 (Jimmy Hayes 48, Michael Bournival 33) at 8:50 (PP)
6. Harfangs , Oscar Sundqvist 11 (Andreas Martinsen 27) at 12:50

Penalties :
Louis Leblanc (Alm) for High sticking (Minor) at 2:57, Louis Leblanc (Alm) for Interference (Minor) at 7:33, Victor Bartley (BEA) for Tripping (Minor) at 13:45, Reid McNeill (BEA) for Hooking (Minor) at 16:14

3rd period

7. Diables , Jan Mursak 5 (Shayne Gostisbehere 25, Chris Tierney 7) at 2:31 (PP)
8. Diables , Jan Mursak 6 (Carl Gunnarsson 30) at 5:00

Penalties :
Reid McNeill (BEA) for Roughing (Minor) at 1:51

Goalie Stats

Garret Sparks (Alm), 32 saves from 35 shots - (0.914), W, 14-11-1, 60:00 minutes
Mark Visentin (BEA), 26 saves from 31 shots - (0.839), L, 4-5-1, 60:00 minutes

Players Stats for Diables

Player Name              G  A  P  +/- PIM S  H  SB GA TA FO     MP     PP MP  PK MP  
------------------------------------------------------------------------------------
Andrew O'Brien           0  0  0   0  0   0  0  1  0  0  0/0     3:53   0:00   0:00 
Brandon Burlon           0  1  1   2  0   2  0  0  3  2  0/0    25:46   3:15   3:00 
Brandon Prust            1  0  1   1  2   5  1  1  1  0  1/2    19:37   2:31   2:23 
Carl Gunnarsson          0  1  1   2  0   0  2  1  0  0  0/0    20:13   1:23   2:50 
Chris Bigras             0  0  0   0  0   0  0  0  0  0  0/0     3:53   0:00   0:00 
Chris Tierney            0  1  1   1  0   0  1  2  0  1  2/12   17:45   1:58   0:00 
Christian Thomas         0  0  0   0  0   0  1  0  1  0  0/0     6:14   0:00   0:00 
Craig Smith              0  1  1   1  0   5  3  2  0  0  5/13   26:24   2:33   3:43 
Jan Mursak               2  0  2   1  2   3  1  0  0  1  0/0    17:31   1:58   0:00 
Jordan Caron             0  0  0   1  0   0  2  0  0  0  0/1    19:13   1:58   1:24 
Louis Leblanc            2  0  2   1  4   3  1  1  0  0  2/2    12:24   0:00   0:00 
Marc-André Bourdon       0  0  0  -1  0   0  0  0  0  1  0/0    10:08   0:00   0:00 
Mark Fraser              0  0  0   2  0   0  1  2  0  1  0/0    20:13   1:23   2:50 
Michal Repik             0  0  0   0  0   0  1  0  0  0  0/1     8:43   0:00   1:50 
Mikko Lehtonen           0  1  1   1  0   2  1  0  0  0  0/1    12:52   0:07   0:00 
Nick Bjugstad            0  0  0   0  0   3  2  0  1  1  6/21   19:20   2:33   1:49 
Pavel Valentenko         0  0  0  -1  0   1  2  0  0  2  0/0    10:08   0:00   0:00 
Shayne Gostisbehere      0  3  3   2  0   2  4  2  0  2  0/0    25:46   3:15   3:00 
Taylor Beck              0  1  1   1  0   5  0  0  0  0  0/1    14:03   0:16   0:31 

Players Stats for Harfangs

Player Name              G  A  P  +/- PIM S  H  SB GA TA FO     MP     PP MP  PK MP  
------------------------------------------------------------------------------------
Andreas Martinsen        0  1  1  -1  0   2  4  0  0  0  0/0    12:09   0:12   1:04 
Brandon Pirri            0  0  0   0  0   2  0  0  2  1  0/0     8:38   0:52   0:00 
Brendan Leipsic          0  0  0   0  0   0  0  0  0  0  0/0     0:00   0:00   0:00 
Brenden Kichton          0  0  0   0  0   0  0  0  0  0  0/0     7:24   0:00   1:27 
Calle Jarnkrok           0  0  0   0  0   1  1  0  0  0  12/17  15:48   1:52   0:00 
Colton Sissons           0  0  0   0  0   0  0  1  0  0  1/2     7:36   0:00   0:00 
Cristoval Nieves         0  0  0   0  0   0  0  0  0  0  0/0     1:23   0:00   1:03 
Dustin Jeffrey           0  0  0   0  0   2  2  0  2  0  0/0    15:48   1:52   0:00 
Erik Nystrom             0  0  0   0  0   0  0  0  0  0  1/1     1:13   0:40   0:00 
Garnet Hathaway          0  0  0  -1  0   1  0  0  1  0  0/0    11:43   0:00   1:02 
Jake Dotchin             0  0  0   0  0   1  0  0  0  0  0/0     9:07   0:09   0:00 
Jeff Petry               0  0  0  -1  0   3  2  0  0  0  0/0    19:48   2:29   1:34 
Jimmy Hayes              0  1  1  -2  0   6  0  1  1  1  1/2    22:13   3:06   2:32 
Jujhar Khaira            0  0  0   0  0   0  1  3  1  0  0/0     7:36   0:00   0:00 
Laurent Dauphin          0  0  0   0  0   0  0  0  0  0  0/0     0:00   0:00   0:00 
Mark Alt                 0  0  0  -1  0   0  0  0  0  2  0/0    19:48   2:29   1:34 
Michael Bournival        1  1  2  -2  0   2  1  1  1  0  0/0    19:41   3:06   0:00 
Morgan Klimchuk          0  0  0   0  0   0  0  0  0  0  0/0     0:00   0:00   0:00 
Oscar Sundqvist          1  0  1  -1  0   2  1  0  1  0  2/2    10:53   0:12   0:01 
Reid McNeill             0  0  0   0  4   0  0  0  0  1  0/0    13:11   0:09   0:00 
Ryan Hartman             0  0  0   0  0   0  0  0  0  0  0/0     1:03   0:40   0:00 
Steve McCarthy           0  0  0  -2  0   0  2  1  0  0  0/0    26:54   3:12   2:59 
Steve Ott                0  0  0  -2  0   4  1  1  1  0  20/29  22:13   3:06   2:32 
Tomas Kubalik            0  0  0   0  0   6  1  0  0  0  1/1    17:02   1:52   1:02 
Victor Bartley           1  1  2  -2  2   3  1  1  1  1  0/0    24:08   3:12   1:42 

3 Stars

1 - Shayne Gostisbehere (Alm)
2 - Jan Mursak (Alm)
3 - Louis Leblanc (Alm)

Power Play

Diables - 1 on 3 Attempt(s) - 33.33%
Harfangs - 2 on 4 Attempt(s) - 50.00%

Penalty Kill

Diables - 2 on 4 Attempt(s) - 50.00% - Score 1 goal in Penalty Kill
Harfangs - 2 on 3 Attempt(s) - 66.67% - Score 0 goal in Penalty Kill

Team Stat

Diables - Hits : 23 - Faceoff Wins : 16 - Blocked Shots : 12 - Penalty Minutes : 8
Harfangs - Hits : 17 - Faceoff Wins : 38 - Blocked Shots : 9 - Penalty Minutes : 6

Official

Referees : Unknown
Linesman : Unknown

Game Notes

Brenden Kichton is injured at 18:25 of 2nd period (Left Knee)

Finance

Level 1 -- Attendance: 1393 (69.65%) -- Ticket Income $47,362
Level 2 -- Attendance: 750 (75.00%) -- Ticket Income $14,250
Total Attendance: 2143 (71.43%)
Total Ticket Income: $61,612
Other Income: $3,081
Total Income: $64,693

Diables

5 vs 5 Forward 
   Center                   Left Wing                Right Wing               Time % Phy DF OF 
 1 Nick Bjugstad            Brandon Prust            Craig Smith              40     1   2  2  
 2 Chris Tierney            Jan Mursak               Jordan Caron             30     1   2  2  
 3 Louis Leblanc            Taylor Beck              Mikko Lehtonen           20     1   2  2  
 4 Craig Smith              Christian Thomas         Michal Repik             10     1   2  2  

5 vs 5 Defense 
   Defense                  Defense                                           Time % Phy DF OF 
 1 Brandon Burlon           Shayne Gostisbehere                               40     1   2  2  
 2 Carl Gunnarsson          Mark Fraser                                       30     1   2  2  
 3 Pavel Valentenko         Marc-André Bourdon                                20     1   2  2  
 4 Andrew O'Brien           Chris Bigras                                      10     1   2  2  

PowerPlay Forward 
   Center                   Left Wing                Right Wing               Time % Phy DF OF 
 1 Nick Bjugstad            Brandon Prust            Craig Smith              60     1   2  2  
 2 Chris Tierney            Jan Mursak               Jordan Caron             40     1   2  2  

PowerPlay Defense
   Defense                  Defense                                           Time % Phy DF OF 
 1 Brandon Burlon           Shayne Gostisbehere                               60     1   2  2  
 2 Carl Gunnarsson          Mark Fraser                                       40     1   2  2  

Penalty Kill 4 Players Forward 
   Center                   Wing                     Time % Phy DF OF 
 1 Craig Smith              Brandon Prust            60     1   2  2  
 2 Nick Bjugstad            Jordan Caron             40     1   2  2  

Penalty Kill 4 Players Defense
   Defense                  Defense                  Time % Phy DF OF 
 1 Brandon Burlon           Shayne Gostisbehere      60     1   2  2  
 2 Carl Gunnarsson          Mark Fraser              40     1   2  2  

Penalty Kill - 3 Players Forward 
   Forward                                           Time % Phy DF OF 
 1 Craig Smith                                       60     1   2  2  
 2 Brandon Prust                                     40     1   2  2  

Penalty Kill - 3 Players Defense
   Defense                  Defense                  Time % Phy DF OF 
 1 Brandon Burlon           Shayne Gostisbehere      60     1   2  2  
 2 Carl Gunnarsson          Mark Fraser              40     1   2  2  

4 vs 4 Forward 
   Center                   Wing                     Time % Phy DF OF 
 1 Craig Smith              Brandon Prust            60     1   2  2  
 2 Nick Bjugstad            Jordan Caron             40     1   2  2  

4 vs 4 Defense
   Defense                  Defense                  Time % Phy DF OF 
 1 Brandon Burlon           Shayne Gostisbehere      60     1   2  2  
 2 Carl Gunnarsson          Mark Fraser              40     1   2  2  

Last Minutes Offensive
   Center                   Left Wing                Right Wing               Defense                  Defense                  
   Nick Bjugstad            Brandon Prust            Craig Smith              Brandon Burlon           Shayne Gostisbehere      

Last Minutes Defensive
   Center                   Left Wing                Right Wing               Defense                  Defense                  
   Nick Bjugstad            Brandon Prust            Craig Smith              Brandon Burlon           Shayne Gostisbehere      

Goaltenders
Starting : Garret Sparks            
Backup : Eric Comrie              

Extra Forwards
Normal : Taylor Beck, Mikko Lehtonen, Michal Repik - PP : Taylor Beck, Mikko Lehtonen - PK : Michal Repik
Extra Defensemen
Normal : Pavel Valentenko, Marc-André Bourdon, Andrew O'Brien - PP : Pavel Valentenko - PK : Marc-André Bourdon, Andrew O'Brien
Penalty Shots
Craig Smith, Brandon Prust, Nick Bjugstad, Jordan Caron, Jan Mursak

Scratches
Stephen Harper (Healthy), Emil Djuse (Healthy), Gemel Smith (Healthy), Tim Schaller (Suspend), Jamie Oleksiak (Healthy)
Matt Lindblad (Healthy), Cole Cassels (Healthy), Jeremy Gregoire (Healthy), Connor Hurley (Healthy), Gustav Olofsson (Healthy)
Andreas Johnsson (Healthy), Brett Ritchie (Healthy), Mitchell Moroz (Healthy), Daniel Zaar (Healthy), Linus Ullmark (Healthy)
Jack Campbell (Healthy)

Harfangs

5 vs 5 Forward 
   Center                   Left Wing                Right Wing               Time % Phy DF OF 
 1 Steve Ott                Michael Bournival        Jimmy Hayes              40     1   2  2  
 2 Calle Jarnkrok           Dustin Jeffrey           Tomas Kubalik            30     1   2  2  
 3 Oscar Sundqvist          Andreas Martinsen        Garnet Hathaway          20     1   2  2  
 4 Colton Sissons           Jujhar Khaira            Brandon Pirri            10     1   2  2  

5 vs 5 Defense 
   Defense                  Defense                                           Time % Phy DF OF 
 1 Steve McCarthy           Victor Bartley                                    40     1   2  2  
 2 Jeff Petry               Mark Alt                                          30     1   2  2  
 3 Reid McNeill             Brenden Kichton                                   20     1   2  2  
 4 Jake Dotchin             Steve McCarthy                                    10     1   2  2  

PowerPlay Forward 
   Center                   Left Wing                Right Wing               Time % Phy DF OF 
 1 Steve Ott                Michael Bournival        Jimmy Hayes              60     1   2  2  
 2 Calle Jarnkrok           Dustin Jeffrey           Tomas Kubalik            40     1   2  2  

PowerPlay Defense
   Defense                  Defense                                           Time % Phy DF OF 
 1 Steve McCarthy           Victor Bartley                                    60     1   2  2  
 2 Jeff Petry               Mark Alt                                          40     1   2  2  

Penalty Kill 4 Players Forward 
   Center                   Wing                     Time % Phy DF OF 
 1 Steve Ott                Jimmy Hayes              60     1   2  2  
 2 Tomas Kubalik            Garnet Hathaway          40     1   2  2  

Penalty Kill 4 Players Defense
   Defense                  Defense                  Time % Phy DF OF 
 1 Steve McCarthy           Victor Bartley           60     1   2  2  
 2 Jeff Petry               Mark Alt                 40     1   2  2  

Penalty Kill - 3 Players Forward 
   Forward                                           Time % Phy DF OF 
 1 Steve Ott                                         60     1   2  2  
 2 Jimmy Hayes                                       40     1   2  2  

Penalty Kill - 3 Players Defense
   Defense                  Defense                  Time % Phy DF OF 
 1 Steve McCarthy           Victor Bartley           60     1   2  2  
 2 Jeff Petry               Mark Alt                 40     1   2  2  

4 vs 4 Forward 
   Center                   Wing                     Time % Phy DF OF 
 1 Steve Ott                Jimmy Hayes              60     1   2  2  
 2 Tomas Kubalik            Garnet Hathaway          40     1   2  2  

4 vs 4 Defense
   Defense                  Defense                  Time % Phy DF OF 
 1 Steve McCarthy           Victor Bartley           60     1   2  2  
 2 Jeff Petry               Mark Alt                 40     1   2  2  

Last Minutes Offensive
   Center                   Left Wing                Right Wing               Defense                  Defense                  
   Steve Ott                Michael Bournival        Jimmy Hayes              Steve McCarthy           Victor Bartley           

Last Minutes Defensive
   Center                   Left Wing                Right Wing               Defense                  Defense                  
   Steve Ott                Michael Bournival        Jimmy Hayes              Steve McCarthy           Victor Bartley           

Goaltenders
Starting : Mark Visentin            
Backup : Anton Forsberg           

Extra Forwards
Normal : Ryan Hartman, Erik Nystrom, Cristoval Nieves - PP : Ryan Hartman, Erik Nystrom - PK : Cristoval Nieves
Extra Defensemen
Normal : Reid McNeill, Brenden Kichton, Jake Dotchin - PP : Reid McNeill - PK : Brenden Kichton, Jake Dotchin
Penalty Shots
Steve Ott, Jimmy Hayes, Tomas Kubalik, Garnet Hathaway, Michael Bournival

Scratches
Dylan Olsen (Herniated Disc Injury), Blake Heinrich (Facial Surgery Injury), Nick Sorensen (Healthy), Rinat Valiev (Healthy), Jason Kasdorf (Healthy)
Scott Wedgewood (Healthy), Zachary Fucale (Healthy)

% Time on Ice - Diables

Lines # - Real PCT - Wanted PCT - Time Play
Normal Forward
1 - 31% - 40% - 15:30
2 - 31% - 30% - 15:33
3 - 25% - 20% - 12:15
4 - 13% - 10% - 6:14
Normal Defense
1 - 39% - 40% - 19:31
2 - 32% - 30% - 16:00
3 - 20% - 20% - 10:08
4 - 8% - 10% - 3:53
PP Forward
1 - 58% - 60% - 2:40
2 - 42% - 40% - 1:58
PP Defense
1 - 70% - 60% - 3:15
2 - 30% - 40% - 1:23
PK Forward
1 - 69% - 60% - 4:01
2 - 31% - 40% - 1:49
PK Defense
1 - 51% - 60% - 3:00
2 - 49% - 40% - 2:50
PK3 Forward
1 - 0% - 60%
2 - 0% - 40%
PK3 Defense
1 - 0% - 60%
2 - 0% - 40%
44 Forward
1 - 0% - 60%
2 - 0% - 40%
44 Defense
1 - 0% - 60%
2 - 0% - 40%
Last Minute Offensive  - 0:00
Last Minute Defensive  - 0:00
Total
Forward - 60:00
Defense - 60:00

% Time on Ice - Harfangs

Lines # - Real PCT - Wanted PCT - Time Play
Normal Forward
1 - 35% - 40% - 17:19
2 - 29% - 30% - 14:08
3 - 21% - 20% - 10:29
4 - 15% - 10% - 7:36
Normal Defense
1 - 39% - 40% - 19:26
2 - 32% - 30% - 15:45
3 - 25% - 20% - 12:16
4 - 4% - 10% - 2:05
PP Forward
1 - 57% - 60% - 3:18
2 - 43% - 40% - 2:32
PP Defense
1 - 57% - 60% - 3:21
2 - 43% - 40% - 2:29
PK Forward
1 - 78% - 60% - 3:36
2 - 22% - 40% - 1:02
PK Defense
1 - 66% - 60% - 3:04
2 - 34% - 40% - 1:34
PK3 Forward
1 - 0% - 60%
2 - 0% - 40%
PK3 Defense
1 - 0% - 60%
2 - 0% - 40%
44 Forward
1 - 0% - 60%
2 - 0% - 40%
44 Defense
1 - 0% - 60%
2 - 0% - 40%
Last Minute Offensive  - 0:00
Last Minute Defensive  - 0:00
Total
Forward - 60:00
Defense - 60:00

Play-by-Play

1st period


0:01 of 1st period - Steve Ott wins face-off versus Nick Bjugstad in neutral zone.
0:26 of 1st period - Steve McCarthy is hit by Shayne Gostisbehere and loses puck.
0:35 of 1st period - Wrist shot by Tomas Kubalik.
0:35 of 1st period - Stopped by Garret Sparks with a rebound.
0:45 of 1st period - Wrist shot by Shayne Gostisbehere.
0:45 of 1st period - Deflect By Taylor Beck.
0:45 of 1st period - Stopped by Mark Visentin with a rebound.
0:47 of 1st period - Slapshot by Shayne Gostisbehere.
0:47 of 1st period - Stopped by Mark Visentin with a rebound.
0:49 of 1st period - Snap shot by Louis Leblanc.
0:49 of 1st period - Shot Misses the Net.
0:51 of 1st period - Slapshot by Brandon Burlon.
0:51 of 1st period - Stopped by Mark Visentin with a rebound.
0:53 of 1st period - Snap shot by Shayne Gostisbehere.
0:53 of 1st period - Shot Misses the Net.
0:55 of 1st period - Slapshot by Louis Leblanc.
0:55 of 1st period - Goal by Louis Leblanc - Diables : 1 - Harfangs : 0.
0:56 of 1st period - Craig Smith wins face-off versus Colton Sissons in neutral zone.
1:11 of 1st period - Wrist shot by Jujhar Khaira.
1:11 of 1st period - Shot Misses the Net.
1:19 of 1st period - Colton Sissons is hit by Carl Gunnarsson and loses puck.
1:26 of 1st period - Slapshot by Michal Repik.
1:26 of 1st period - Shot Blocked by Jujhar Khaira.
2:04 of 1st period - Snap shot by Craig Smith.
2:04 of 1st period - Stopped by Mark Visentin without a rebound.
2:05 of 1st period - Steve Ott wins face-off versus Chris Tierney in Harfangs zone.
2:05 of 1st period - Steve Ott is hit by Pavel Valentenko.
3:17 of 1st period - Snap shot by Jan Mursak.
3:17 of 1st period - Shot Blocked by Victor Bartley.
4:09 of 1st period - Minor Penalty to Jan Mursak for Holding Stick.
4:10 of 1st period - Craig Smith wins face-off versus Calle Jarnkrok in Diables zone.
4:10 of 1st period - Craig Smith is hit by Dustin Jeffrey.
5:07 of 1st period - Slapshot by Jeff Petry.
5:07 of 1st period - Stopped by Garret Sparks with a rebound.
5:09 of 1st period - Wrist shot by Erik Nystrom.
5:09 of 1st period - Shot Misses the Net.
5:11 of 1st period - Slapshot by Jeff Petry.
5:11 of 1st period - Deflect By Brandon Pirri.
5:11 of 1st period - Stopped by Garret Sparks with a rebound.
5:13 of 1st period - Slapshot by Jeff Petry.
5:13 of 1st period - Stopped by Garret Sparks without a rebound.
5:14 of 1st period - Calle Jarnkrok wins face-off versus Craig Smith in Diables zone.
5:41 of 1st period - Ryan Hartman is hit by Nick Bjugstad and loses puck.
6:09 of 1st period - Penalty to Jan Mursak is over, Jan Mursak is back on ice.
6:27 of 1st period - Brandon Pirri is hit by Carl Gunnarsson.
8:39 of 1st period - Minor Penalty to Brandon Prust for Slashing.
8:40 of 1st period - Steve Ott wins face-off versus Craig Smith in Diables zone.
8:45 of 1st period - Slapshot by Steve Ott.
8:45 of 1st period - Stopped by Garret Sparks without a rebound.
8:46 of 1st period - Steve Ott wins face-off versus Craig Smith in Diables zone.
8:59 of 1st period - Snap shot by Jimmy Hayes.
8:59 of 1st period - Stopped by Garret Sparks without a rebound.
9:00 of 1st period - Steve Ott wins face-off versus Craig Smith in Diables zone.
9:09 of 1st period - Wrist shot by Jimmy Hayes.
9:09 of 1st period - Stopped by Garret Sparks with a rebound.
9:11 of 1st period - Snap shot by Jimmy Hayes.
9:11 of 1st period - Shot Blocked by Shayne Gostisbehere.
9:13 of 1st period - Snap shot by Victor Bartley.
9:13 of 1st period - Stopped by Garret Sparks with a rebound.
9:15 of 1st period - Snap shot by Steve Ott.
9:15 of 1st period - Shot Misses the Net.
9:49 of 1st period - Steve Ott is hit by Mark Fraser and loses puck.
10:06 of 1st period - Icing by Jimmy Hayes.
10:07 of 1st period - Nick Bjugstad wins face-off versus Steve Ott in Harfangs zone.
10:08 of 1st period - Wrist shot by Jordan Caron.
10:08 of 1st period - Deflect By Nick Bjugstad.
10:08 of 1st period - Stopped by Mark Visentin with a rebound.
10:39 of 1st period - Penalty to Brandon Prust is over, Brandon Prust is back on ice.
10:46 of 1st period - Off-side.
10:47 of 1st period - Louis Leblanc wins face-off versus Calle Jarnkrok in neutral zone.
10:52 of 1st period - Snap shot by Taylor Beck.
10:52 of 1st period - Shot Misses the Net.
11:12 of 1st period - Steve McCarthy is hit by Jordan Caron.
11:33 of 1st period - Wrist shot by Colton Sissons.
11:33 of 1st period - Shot Misses the Net.
11:35 of 1st period - Snap shot by Brandon Pirri.
11:35 of 1st period - Shot Blocked by Mark Fraser.
11:37 of 1st period - Wrist shot by Brandon Pirri.
11:37 of 1st period - Shot Blocked by Mark Fraser.
11:39 of 1st period - Snap shot by Jujhar Khaira.
11:39 of 1st period - Deflect By Colton Sissons.
11:39 of 1st period - Shot Blocked by Craig Smith.
11:39 of 1st period - Puck is out of play.
11:40 of 1st period - Calle Jarnkrok wins face-off versus Mikko Lehtonen in Diables zone.
11:45 of 1st period - Wrist shot by Tomas Kubalik.
11:45 of 1st period - Stopped by Garret Sparks with a rebound.
11:47 of 1st period - Wrist shot by Dustin Jeffrey.
11:47 of 1st period - Shot Misses the Net.
11:49 of 1st period - Snap shot by Dustin Jeffrey.
11:49 of 1st period - Shot Misses the Net.
11:51 of 1st period - Slapshot by Mark Alt.
11:51 of 1st period - Shot Blocked by Louis Leblanc.
11:53 of 1st period - Snap shot by Tomas Kubalik.
11:53 of 1st period - Stopped by Garret Sparks without a rebound.
11:54 of 1st period - Calle Jarnkrok wins face-off versus Nick Bjugstad in Diables zone.
12:41 of 1st period - Wrist shot by Garnet Hathaway.
12:41 of 1st period - Stopped by Garret Sparks with a rebound.
12:46 of 1st period - Off-side.
12:47 of 1st period - Tomas Kubalik wins face-off versus Nick Bjugstad in neutral zone.
13:02 of 1st period - Tomas Kubalik is hit by Craig Smith and loses puck.
13:15 of 1st period - Slapshot by Jimmy Hayes.
13:15 of 1st period - Deflect By Steve Ott.
13:15 of 1st period - Stopped by Garret Sparks with a rebound.
13:17 of 1st period - Wrist shot by Steve Ott.
13:17 of 1st period - Shot Blocked by Carl Gunnarsson.
13:19 of 1st period - Snap shot by Jimmy Hayes.
13:19 of 1st period - Stopped by Garret Sparks without a rebound.
13:20 of 1st period - Nick Bjugstad wins face-off versus Steve Ott in Diables zone.
13:29 of 1st period - Snap shot by Nick Bjugstad.
13:29 of 1st period - Shot Misses the Net.
13:31 of 1st period - Wrist shot by Brandon Prust.
13:31 of 1st period - Stopped by Mark Visentin with a rebound.
13:33 of 1st period - Slapshot by Brandon Burlon.
13:33 of 1st period - Deflect By Nick Bjugstad.
13:33 of 1st period - Stopped by Mark Visentin with a rebound.
13:35 of 1st period - Snap shot by Craig Smith.
13:35 of 1st period - Stopped by Mark Visentin with a rebound.
13:45 of 1st period - Calle Jarnkrok is hit by Jordan Caron and loses puck.
14:10 of 1st period - Slapshot by Taylor Beck.
14:10 of 1st period - Stopped by Mark Visentin with a rebound.
14:12 of 1st period - Wrist shot by Louis Leblanc.
14:12 of 1st period - Deflect By Garnet Hathaway.
14:12 of 1st period - Goal by Louis Leblanc - Diables : 2 - Harfangs : 0.
14:13 of 1st period - Nick Bjugstad wins face-off versus Steve Ott in neutral zone.
14:20 of 1st period - Snap shot by Craig Smith.
14:20 of 1st period - Shot Blocked by Steve Ott.
14:22 of 1st period - Slapshot by Brandon Prust.
14:22 of 1st period - Stopped by Mark Visentin without a rebound.
14:23 of 1st period - Steve Ott wins face-off versus Brandon Prust in Harfangs zone.
14:58 of 1st period - Slapshot by Craig Smith.
14:58 of 1st period - Deflect By Nick Bjugstad.
14:58 of 1st period - Stopped by Mark Visentin with a rebound.
15:00 of 1st period - Slapshot by Shayne Gostisbehere.
15:00 of 1st period - Stopped by Mark Visentin with a rebound.
15:02 of 1st period - Slapshot by Brandon Burlon.
15:02 of 1st period - Stopped by Mark Visentin with a rebound.
15:04 of 1st period - Snap shot by Brandon Prust.
15:04 of 1st period - Stopped by Mark Visentin without a rebound.
15:05 of 1st period - Calle Jarnkrok wins face-off versus Chris Tierney in Harfangs zone.
15:32 of 1st period - Slapshot by Mikko Lehtonen.
15:32 of 1st period - Stopped by Mark Visentin with a rebound.
16:15 of 1st period - Snap shot by Calle Jarnkrok.
16:15 of 1st period - Shot Blocked by Andrew O'Brien.
16:33 of 1st period - Brandon Prust is hit by Michael Bournival.
16:55 of 1st period - Snap shot by Garnet Hathaway.
16:55 of 1st period - Shot Blocked by Shayne Gostisbehere.
16:57 of 1st period - Slapshot by Andreas Martinsen.
16:57 of 1st period - Stopped by Garret Sparks with a rebound.
17:07 of 1st period - Mikko Lehtonen is hit by Jujhar Khaira.
17:23 of 1st period - Snap shot by Taylor Beck.
17:23 of 1st period - Shot Blocked by Colton Sissons.
17:25 of 1st period - Wrist shot by Taylor Beck.
17:25 of 1st period - Stopped by Mark Visentin with a rebound.
17:27 of 1st period - Wrist shot by Taylor Beck.
17:27 of 1st period - Stopped by Mark Visentin without a rebound.
17:28 of 1st period - Steve Ott wins face-off versus Jordan Caron in Harfangs zone.
18:31 of 1st period - Icing by Jeff Petry.
18:32 of 1st period - Colton Sissons wins face-off versus Chris Tierney in Harfangs zone.
19:21 of 1st period - Shayne Gostisbehere is hit by Victor Bartley and loses puck.
Goals for this period are 2 for Diables vs 0 for Harfangs.
Shots for this period are 19 for Diables vs 14 for Harfangs.

2nd period


0:01 of 2nd period - Craig Smith wins face-off versus Steve Ott in neutral zone.
0:17 of 2nd period - Victor Bartley is hit by Craig Smith.
0:18 of 2nd period - Icing by Victor Bartley.
0:19 of 2nd period - Chris Tierney wins face-off versus Steve Ott in Harfangs zone.
2:25 of 2nd period - Slapshot by Dustin Jeffrey.
2:25 of 2nd period - Shot Misses the Net.
2:55 of 2nd period - Snap shot by Colton Sissons.
2:55 of 2nd period - Shot Misses the Net.
2:57 of 2nd period - Minor Penalty to Louis Leblanc for High sticking.
2:58 of 2nd period - Calle Jarnkrok wins face-off versus Craig Smith in Diables zone.
2:59 of 2nd period - Snap shot by Tomas Kubalik.
2:59 of 2nd period - Stopped by Garret Sparks without a rebound.
3:00 of 2nd period - Calle Jarnkrok wins face-off versus Craig Smith in Diables zone.
3:30 of 2nd period - Slapshot by Victor Bartley.
3:30 of 2nd period - Shot Misses the Net.
3:32 of 2nd period - Slapshot by Michael Bournival.
3:32 of 2nd period - Goal by Michael Bournival - Diables : 2 - Harfangs : 1.
3:33 of 2nd period - Nick Bjugstad wins face-off versus Calle Jarnkrok in neutral zone.
4:21 of 2nd period - Shayne Gostisbehere is hit by Andreas Martinsen and loses puck.
4:40 of 2nd period - Tomas Kubalik is hit by Shayne Gostisbehere and loses puck.
4:53 of 2nd period - Shayne Gostisbehere is hit by Steve McCarthy and loses puck.
5:06 of 2nd period - Backhand shot by Shayne Gostisbehere.
5:06 of 2nd period - Shot Blocked by Jujhar Khaira.
5:08 of 2nd period - Slapshot by Jan Mursak.
5:08 of 2nd period - Shot Blocked by Steve McCarthy.
5:10 of 2nd period - Snap shot by Jan Mursak.
5:10 of 2nd period - Stopped by Mark Visentin without a rebound.
5:11 of 2nd period - Chris Tierney wins face-off versus Steve Ott in Harfangs zone.
5:27 of 2nd period - Wrist shot by Jan Mursak.
5:27 of 2nd period - Shot Blocked by Michael Bournival.
6:43 of 2nd period - Craig Smith is hit by Steve Ott and loses puck.
6:52 of 2nd period - Wrist shot by Jimmy Hayes.
6:52 of 2nd period - Shot Blocked by Craig Smith.
7:18 of 2nd period - Brandon Burlon is hit by Oscar Sundqvist and loses puck.
7:23 of 2nd period - Wrist shot by Garnet Hathaway.
7:23 of 2nd period - Shot Misses the Net.
7:25 of 2nd period - Wrist shot by Andreas Martinsen.
7:25 of 2nd period - Stopped by Garret Sparks with a rebound.
7:27 of 2nd period - Wrist shot by Oscar Sundqvist.
7:27 of 2nd period - Stopped by Garret Sparks with a rebound.
7:33 of 2nd period - Minor Penalty to Louis Leblanc for Interference.
7:34 of 2nd period - Craig Smith wins face-off versus Steve Ott in Diables zone.
7:43 of 2nd period - Slapshot by Shayne Gostisbehere.
7:43 of 2nd period - Deflect By Brandon Prust.
7:43 of 2nd period - Goal by Brandon Prust - Diables : 3 - Harfangs : 1.
7:44 of 2nd period - Craig Smith wins face-off versus Steve Ott in neutral zone.
7:51 of 2nd period - Snap shot by Craig Smith.
7:51 of 2nd period - Stopped by Mark Visentin with a rebound.
7:53 of 2nd period - Wrist shot by Brandon Prust.
7:53 of 2nd period - Stopped by Mark Visentin without a rebound.
7:54 of 2nd period - Jimmy Hayes wins face-off versus Craig Smith in Harfangs zone.
8:48 of 2nd period - Snap shot by Jimmy Hayes.
8:48 of 2nd period - Stopped by Garret Sparks with a rebound.
8:50 of 2nd period - Slapshot by Victor Bartley.
8:50 of 2nd period - Goal by Victor Bartley - Diables : 3 - Harfangs : 2.
8:51 of 2nd period - Nick Bjugstad wins face-off versus Calle Jarnkrok in neutral zone.
9:02 of 2nd period - Snap shot by Dustin Jeffrey.
9:02 of 2nd period - Stopped by Garret Sparks with a rebound.
9:04 of 2nd period - Slapshot by Jeff Petry.
9:04 of 2nd period - Stopped by Garret Sparks with a rebound.
9:06 of 2nd period - Slapshot by Dustin Jeffrey.
9:06 of 2nd period - Stopped by Garret Sparks without a rebound.
9:07 of 2nd period - Oscar Sundqvist wins face-off versus Chris Tierney in Diables zone.
9:32 of 2nd period - Carl Gunnarsson is hit by Calle Jarnkrok and loses puck.
9:43 of 2nd period - Snap shot by Tomas Kubalik.
9:43 of 2nd period - Shot Blocked by Chris Tierney.
9:45 of 2nd period - Wrist shot by Tomas Kubalik.
9:45 of 2nd period - Shot Misses the Net.
10:05 of 2nd period - Snap shot by Carl Gunnarsson.
10:05 of 2nd period - Shot Misses the Net.
10:19 of 2nd period - Slapshot by Shayne Gostisbehere.
10:19 of 2nd period - Shot Misses the Net.
10:31 of 2nd period - Louis Leblanc is hit by Andreas Martinsen and loses puck.
10:39 of 2nd period - Icing by Shayne Gostisbehere.
10:40 of 2nd period - Calle Jarnkrok wins face-off versus Craig Smith in Diables zone.
11:05 of 2nd period - Tomas Kubalik is hit by Shayne Gostisbehere.
11:11 of 2nd period - Snap shot by Craig Smith.
11:11 of 2nd period - Shot Misses the Net.
11:31 of 2nd period - Wrist shot by Craig Smith.
11:31 of 2nd period - Stopped by Mark Visentin without a rebound.
11:32 of 2nd period - Steve Ott wins face-off versus Chris Tierney in Harfangs zone.
11:32 of 2nd period - Steve Ott is hit by Chris Tierney.
11:40 of 2nd period - Wrist shot by Jimmy Hayes.
11:40 of 2nd period - Stopped by Garret Sparks with a rebound.
11:42 of 2nd period - Snap shot by Jimmy Hayes.
11:42 of 2nd period - Stopped by Garret Sparks with a rebound.
11:44 of 2nd period - Snap shot by Michael Bournival.
11:44 of 2nd period - Shot Blocked by Chris Tierney.
12:50 of 2nd period - Wrist shot by Oscar Sundqvist.
12:50 of 2nd period - Goal by Oscar Sundqvist - Diables : 3 - Harfangs : 3.
12:51 of 2nd period - Brandon Prust wins face-off versus Jimmy Hayes in neutral zone.
13:18 of 2nd period - Icing by Tomas Kubalik.
13:19 of 2nd period - Calle Jarnkrok wins face-off versus Chris Tierney in Harfangs zone.
13:38 of 2nd period - Snap shot by Dustin Jeffrey.
13:38 of 2nd period - Shot Misses the Net.
13:40 of 2nd period - Slapshot by Tomas Kubalik.
13:40 of 2nd period - Stopped by Garret Sparks without a rebound.
13:41 of 2nd period - Steve Ott wins face-off versus Nick Bjugstad in Diables zone.
13:45 of 2nd period - Minor Penalty to Victor Bartley for Tripping.
13:46 of 2nd period - Steve Ott wins face-off versus Nick Bjugstad in Harfangs zone.
14:00 of 2nd period - Wrist shot by Nick Bjugstad.
14:00 of 2nd period - Shot Misses the Net.
14:02 of 2nd period - Slapshot by Brandon Burlon.
14:02 of 2nd period - Shot Blocked by Jimmy Hayes.
15:14 of 2nd period - Garnet Hathaway is hit by Shayne Gostisbehere and loses puck.
15:45 of 2nd period - Penalty to Victor Bartley is over, Victor Bartley is back on ice.
16:14 of 2nd period - Minor Penalty to Reid McNeill for Hooking.
16:15 of 2nd period - Steve Ott wins face-off versus Nick Bjugstad in Harfangs zone.
16:26 of 2nd period - Snap shot by Steve Ott.
16:26 of 2nd period - Stopped by Garret Sparks without a rebound.
16:27 of 2nd period - Steve Ott wins face-off versus Nick Bjugstad in Diables zone.
18:14 of 2nd period - Penalty to Reid McNeill is over, Reid McNeill is back on ice.
18:24 of 2nd period - Brenden Kichton is hit by Louis Leblanc and loses puck.
18:25 of 2nd period - Brenden Kichton from Harfangs is injured at 18:25 of 2nd period (Left Knee).
18:26 of 2nd period - Steve Ott wins face-off versus Nick Bjugstad in Harfangs zone.
19:40 of 2nd period - Wrist shot by Brandon Pirri.
19:40 of 2nd period - Stopped by Garret Sparks without a rebound.
19:41 of 2nd period - Steve Ott wins face-off versus Nick Bjugstad in Diables zone.
Goals for this period are 1 for Diables vs 3 for Harfangs.
Shots for this period are 5 for Diables vs 15 for Harfangs.

3rd period


0:01 of 3rd period - Steve Ott wins face-off versus Nick Bjugstad in neutral zone.
0:47 of 3rd period - Oscar Sundqvist is hit by Mikko Lehtonen and loses puck.
0:52 of 3rd period - Wrist shot by Taylor Beck.
0:52 of 3rd period - Shot Misses the Net.
1:16 of 3rd period - Colton Sissons is hit by Brandon Prust and loses puck.
1:51 of 3rd period - Minor Penalty to Reid McNeill for Roughing.
1:52 of 3rd period - Nick Bjugstad wins face-off versus Steve Ott in Harfangs zone.
2:31 of 3rd period - Snap shot by Jan Mursak.
2:31 of 3rd period - Goal by Jan Mursak - Diables : 4 - Harfangs : 3.
2:32 of 3rd period - Steve Ott wins face-off versus Nick Bjugstad in neutral zone.
3:25 of 3rd period - Wrist shot by Jujhar Khaira.
3:25 of 3rd period - Shot Misses the Net.
4:27 of 3rd period - Off-side.
4:28 of 3rd period - Calle Jarnkrok wins face-off versus Nick Bjugstad in neutral zone.
4:35 of 3rd period - Wrist shot by Tomas Kubalik.
4:35 of 3rd period - Stopped by Garret Sparks with a rebound.
4:41 of 3rd period - Steve McCarthy is hit by Nick Bjugstad and loses puck.
5:00 of 3rd period - Snap shot by Jan Mursak.
5:00 of 3rd period - Goal by Jan Mursak - Diables : 5 - Harfangs : 3.
5:01 of 3rd period - Steve Ott wins face-off versus Nick Bjugstad in neutral zone.
5:08 of 3rd period - Slapshot by Michael Bournival.
5:08 of 3rd period - Shot Misses the Net.
5:16 of 3rd period - Wrist shot by Craig Smith.
5:16 of 3rd period - Shot Misses the Net.
5:36 of 3rd period - Backhand shot by Louis Leblanc.
5:36 of 3rd period - Stopped by Mark Visentin with a rebound.
5:38 of 3rd period - Slapshot by Pavel Valentenko.
5:38 of 3rd period - Stopped by Mark Visentin without a rebound.
5:39 of 3rd period - Calle Jarnkrok wins face-off versus Nick Bjugstad in Harfangs zone.
5:55 of 3rd period - Snap shot by Craig Smith.
5:55 of 3rd period - Stopped by Mark Visentin with a rebound.
6:50 of 3rd period - Jimmy Hayes is hit by Michal Repik.
7:40 of 3rd period - Oscar Sundqvist is hit by Pavel Valentenko and loses puck.
7:53 of 3rd period - Pavel Valentenko is hit by Steve McCarthy and loses puck.
9:39 of 3rd period - Off-side.
9:40 of 3rd period - Louis Leblanc wins face-off versus Calle Jarnkrok in neutral zone.
10:03 of 3rd period - Icing by Jimmy Hayes.
10:04 of 3rd period - Steve Ott wins face-off versus Chris Tierney in Harfangs zone.
10:19 of 3rd period - Snap shot by Steve Ott.
10:19 of 3rd period - Shot Misses the Net.
10:28 of 3rd period - Craig Smith is hit by Dustin Jeffrey and loses puck.
10:40 of 3rd period - Brandon Burlon is hit by Jeff Petry and loses puck.
11:36 of 3rd period - Slapshot by Victor Bartley.
11:36 of 3rd period - Stopped by Garret Sparks with a rebound.
11:38 of 3rd period - Wrist shot by Michael Bournival.
11:38 of 3rd period - Stopped by Garret Sparks with a rebound.
11:40 of 3rd period - Wrist shot by Jimmy Hayes.
11:40 of 3rd period - Deflect By Steve Ott.
11:40 of 3rd period - Stopped by Garret Sparks without a rebound.
11:41 of 3rd period - Steve Ott wins face-off versus Chris Tierney in Diables zone.
12:39 of 3rd period - Wrist shot by Louis Leblanc.
12:39 of 3rd period - Shot Blocked by Jujhar Khaira.
13:16 of 3rd period - Michael Bournival is hit by Christian Thomas and loses puck.
13:38 of 3rd period - Pavel Valentenko is hit by Jeff Petry and loses puck.
13:53 of 3rd period - Oscar Sundqvist is hit by Jan Mursak.
13:57 of 3rd period - Jan Mursak is hit by Andreas Martinsen and loses puck.
14:57 of 3rd period - Shayne Gostisbehere is hit by Andreas Martinsen and loses puck.
15:25 of 3rd period - Chris Tierney is hit by Tomas Kubalik and loses puck.
16:05 of 3rd period - Wrist shot by Taylor Beck.
16:05 of 3rd period - Stopped by Mark Visentin with a rebound.
16:17 of 3rd period - Off-side.
16:18 of 3rd period - Steve Ott wins face-off versus Taylor Beck in neutral zone.
16:57 of 3rd period - Slapshot by Calle Jarnkrok.
16:57 of 3rd period - Stopped by Garret Sparks without a rebound.
16:58 of 3rd period - Calle Jarnkrok wins face-off versus Chris Tierney in Diables zone.
17:41 of 3rd period - Wrist shot by Jimmy Hayes.
17:41 of 3rd period - Shot Misses the Net.
17:43 of 3rd period - Slapshot by Mark Alt.
17:43 of 3rd period - Shot Blocked by Brandon Prust.
17:45 of 3rd period - Snap shot by Michael Bournival.
17:45 of 3rd period - Shot Misses the Net.
17:47 of 3rd period - Snap shot by Jake Dotchin.
17:47 of 3rd period - Stopped by Garret Sparks without a rebound.
17:48 of 3rd period - Calle Jarnkrok wins face-off versus Chris Tierney in Diables zone.
18:15 of 3rd period - Jake Dotchin is hit by Craig Smith and loses puck.
18:23 of 3rd period - Icing by Garnet Hathaway.
18:24 of 3rd period - Oscar Sundqvist wins face-off versus Nick Bjugstad in Harfangs zone.
19:49 of 3rd period - Snap shot by Jordan Caron.
19:49 of 3rd period - Shot Misses the Net.
19:51 of 3rd period - Snap shot by Mikko Lehtonen.
19:51 of 3rd period - Stopped by Mark Visentin without a rebound.
19:52 of 3rd period - Erik Nystrom wins face-off versus Michal Repik in Harfangs zone.
Goals for this period are 2 for Diables vs 0 for Harfangs.
Shots for this period are 7 for Diables vs 6 for Harfangs.